 Dungeon Crawl Stone Soup version 0.28.0-53-g5a82cb258f (webtiles) character file.

Game seed: 2556703724234188897

91 ChickenMitten the Shield-Bearer (level 4, -3/37 HPs)
             Began as a Formicid Fighter on Aug 6, 2022.
             Slain by a +0 vorpal dire flail (7 damage)
             ... created by the rancor of the Wu Jian Council
             ... on level 3 of the Dungeon.
             The game lasted 00:02:26 (1779 turns).

ChickenMitten the Shield-Bearer (Formicid Fighter)  Turns: 1779, Time: 00:02:27

Health: -3/37      AC:  9    Str: 23    XL:     4   Next: 88%
Magic:  4/4        EV:  7    Int:  7    God:
Gold:   61         SH:  4    Dex: 10    Spells: 3/3 levels left

rFire   . . .      SeeInvis +   a - +0 war axe
rCold   . . .      Faith    .   c - +0 buckler
rNeg    . . .      Spirit   .   j - +0 chain mail
rPois   .          Reflect  .   (helmet unavailable)
rElec   .          Harm     .   (no cloak)
rCorr   .          Rampage  .   (no gloves)
Will    .....                   (no boots)
Stlth   ..........              (no amulet)
HPRegen 0.12/turn               (no ring)
MPRegen 0.09/turn               (no ring)

@: no status effects
A: permanent stasis, dig shafts and tunnels, antennae 3, four strong arms
a: Dig, Shaft Self


You were on level 3 of the Dungeon.
You visited 1 branch of the dungeon, and saw 3 of its levels.

You collected 61 gold pieces.

Inventory:

Hand Weapons
 a - a +0 war axe (weapon)
Armour
 b - a +0 scale mail
 c - a +0 buckler (worn)
 j - a +0 chain mail (worn)
Scrolls
 e - a scroll of identify {unknown}
 f - 3 scrolls of fog {unknown}
Potions
 d - 2 potions of might
 g - 2 potions of haste {unknown}
 h - a potion of berserk rage {unknown}
 i - a potion of mutation {unknown}


   Skills:
 * Level 3.9 Fighting
 * Level 3.3 Axes
 * Level 3.9 Armour
 * Level 4.2 Shields


You had 3 spell levels left.
You didn't know any spells.
Your spell library was empty.

Dungeon Overview and Level Annotations

Branches:
Dungeon (3/15)

Altars:
Wu Jian


Innate Abilities, Weirdness & Mutations

You cannot be hasted, slowed, berserked, paralysed or teleported.
You can dig through walls and to a lower floor.
You have a pair of large antennae on your head. (SInv)
Your four strong arms can wield two-handed weapons with a shield.


Message History

No target in view!
No target in view!
No target in view!
No target in view!
No target in view!
Sifu Ma Yunglu whispers: Nowhere to run... 5 dancing weapons come into view.
There is a +4 dire flail of flaming.
There is a +4 great sword of electrocution.
There is a +1 broad axe of electrocution.
There is a +1 vorpal rapier.
There is a +0 vorpal dire flail.
There are monsters nearby!
There are monsters nearby!
You hit the +0 vorpal dire flail.
The +0 vorpal dire flail is almost destroyed.
You hit the +1 broad axe of electrocution.
The +0 vorpal dire flail barely misses you.
The +1 broad axe of electrocution barely misses you.
You hit the +0 vorpal dire flail but do no damage.
The +0 vorpal dire flail is severely damaged.
You hit the +1 broad axe of electrocution but do no damage.
You barely miss the +4 dire flail of flaming.
The +0 vorpal dire flail hits you.
You block the +4 dire flail of flaming's attack.
The +1 broad axe of electrocution hits you!
The +4 dire flail of flaming hits you. The +4 dire flail of flaming burns you.
The +0 vorpal dire flail hits you!
* * * LOW HITPOINT WARNING * * *
x2 You barely miss the +0 vorpal dire flail.
The +0 vorpal dire flail is moderately damaged.
You hit the +4 dire flail of flaming.
You destroy the +4 dire flail of flaming!
That felt strangely unrewarding.
You slash the +1 broad axe of electrocution!
You destroy the +1 broad axe of electrocution!
That felt strangely unrewarding.
You feel yourself speed up.
You block the +0 vorpal dire flail's attack.
You hit the +0 vorpal dire flail.
The +0 vorpal dire flail is heavily damaged.
You hit the +4 great sword of electrocution.
The +0 vorpal dire flail hits you!
You die...

#.# ####.# .....#
###### ##########
#### #........# #..
####.######.# #(#
.....# #.#####(#
###..# #....(@.#
###..##############
.........#
.##..###.# .....#
.##..# { ..#..#
..#...# ..#.#.#


You could see 3 dancing weapons.

Vanquished Creatures
  2 dancing weapons (D:3)
  4 adders
  A gnoll (D:2)
  A worm (D:2)
  A dart slug (D:1)
  8 ball pythons
  6 endoplasms
  A giant cockroach (D:3)
  3 goblins
  3 hobgoblins
  6 kobolds
  A bat (D:1)
  3 frilled lizards
  4 rats
44 creatures vanquished.

Vanquished Creatures (others)
  12 plants (D:3)
12 creatures vanquished.

Grand Total: 56 creatures vanquished

Notes
Turn   | Place    | Note
-------+----------+-------------------------------------------
     0 | D:1      | ChickenMitten the Formicid Fighter began the quest for the
                  | Orb.
     0 | D:1      | Reached XP level 1. HP: 18/18 MP: 1/1
   123 | D:1      | Reached XP level 2. HP: 22/24 MP: 2/2
   491 | D:1      | Reached XP level 3. HP: 29/29 MP: 3/3
   809 | D:2      | Reached skill level 4 in Shields
  1163 | D:2      | Reached XP level 4. HP: 28/37 MP: 4/4
  1695 | D:3      | Found a faded altar of an unknown god.
  1710 | D:3      | Prayed at the altar of an unknown god.
  1710 | D:3      | Became a worshipper of the Wu Jian Council
  1710 | D:3      | Reached * piety under Wu Jian
  1729 | D:3      | Fell from the grace of Wu Jian
  1775 | D:3      | Noticed a +4 dire flail of flaming
  1775 | D:3      | Noticed a +4 great sword of electrocution
  1775 | D:3      | Noticed a +1 broad axe of electrocution
  1775 | D:3      | Noticed a +1 vorpal rapier
  1775 | D:3      | Noticed a +0 vorpal dire flail
  1778 | D:3      | Killed a +4 dire flail of flaming
  1778 | D:3      | Killed a +1 broad axe of electrocution
  1779 | D:3      | Slain by a +0 vorpal dire flail

Illustrated notes

Levels and vault maps discovered:
D:1:      amcnicky_arrival_abandoned_market, layout_rooms
D:2:      layout_basic
D:3:      layout_loops_cross, basic_ecumenical_altar, serial_bayou,
          serial_bayou_pond_c, serial_bayou_pond_b, serial_bayou_ford_a,
          serial_bayou_pond_d, uniq_sigmund

Skill      XL: |  1  2  3  4 |
---------------+-------------+-----
Shields        | 4 |  4.2
Axes           | 3 |  3.3
Fighting       | |  3.9
Armour         | |  3.9

Action                   |  1- 3 |  4- 6 || total
-------------------------+-------+-------++-------
Melee: War axe           |    81 |    41 ||   122
Invok: Whirlwind         |       |     2 ||     2
       Renounce Religion |       |     1 ||     1
Armor: Scale mail        |    35 |       ||    35
       Chain mail        |    16 |    24 ||    40
Dodge: Dodged            |    34 |    24 ||    58
Block: Buckler           |    18 |     7 ||    25
